[Event "*** Titled Tuesday Blitz"]
[Site "Chess.com"]
[Date "2021.02.16"]
[Round "10"]
[White "rozabaku"]
[Black "AniJak"]
[Result "0-1"]
[WhiteElo "2221"]
[BlackElo "2322"]
[TimeControl "180+1"]
[EndTime "11:59:44 PST"]
[Termination "AniJak won by checkmate"]

1. d4 d5 2. c4 c6 3. Nc3 Nf6 4. Bg5 h6 5. Bxf6 exf6 6. e3 Be6 7. c5 Be7 8. a3 O-O 9. Bd3 Nd7 10. Nge2 Bg4 11.
O-O Bxe2 12. Qxe2 Re8 13. Qg4 Nf8 14. f4 Qd7 15. Bf5 Qc7 16. Rf3 g6 17. Rg3 Kh7 18. h4 Kg7 19. Bd3 b6 20. b4 bxc5 21. bxc5 Rab8 22.
h5 g5 23. Rf1 Rb3 24. fxg5 fxg5 25. Rgf3 f6 26. Bg6 Nxg6 27. hxg6 Rxc3 28. Rh3 Bd8 29. Qh5 Rh8 30. Rhf3 Qd7 31. Qh2 Kxg6 32. Qg3 Kg7 33. Qf2 Qe6 34. Qg3 Re8 35. Qb8 Rxe3 36. Qxa7+ Re7 37. Qa4 Rxf3 38. Rxf3 Qe1+ 39. Kh2 Qh4+ 40.
Kg1 Re1+ 41. Rf1 Rxf1+ 42. Kxf1 Qf4+ 43. Kg1 Bc7 44. Qb4 h5 45. Qc3 h4 46. a4 g4 47. a5 h3 48. gxh3 gxh3 49. a6 h2+ 50. Kg2 Qe4+ 51. Kf2 h1=Q 52. a7 Qhg2# 0-1

[Event "*** Titled Tuesday Blitz"]
[Site "Chess.com"]
[Date "2021.02.16"]
[Round "10"]
[White "LenkaPtacnikova"]
[Black "canary2016"]
[Result "1-0"]
[WhiteElo "2091"]
[BlackElo "1957"]
[TimeControl "180+1"]
[EndTime "11:59:44 PST"]
[Termination "LenkaPtacnikova won by checkmate"]

1. e4 e5 2. Nf3 Nf6 3. Nxe5 d6 4. Nf3 Nxe4 5. d4 d5 6. Bd3 Bd6 7. c4 c6 8. Nc3 Bf5 9. O-O O-O 10. cxd5 cxd5 11.
Ne5 Bxe5 12. dxe5 Nc6 13. Re1 Re8 14. Bf4 Nxe5 15. Bxe4 dxe4 16. Nxe4 Bxe4 17. Rxe4 Qxd1+ 18. Rxd1 Ng6 19. Rxe8+ Rxe8 20. Be3 b6 21. Rd7 Ra8 22. Kf1 Kf8 23. Ke2 Ke8 24. Rc7 Ne7 25. Bd4 Nd5 26. Rb7 Nf4+ 27. Kf3 Ne6 28. Be3 h6 29. Ke4 Kf8 30. Ke5 Kg8 31. a4 Re8 32. Rxa7 Nc5+ 33.
Kd5 Rd8+ 34. Kc6 Nd3 35. b3 Rc8+ 36. Kxb6 Rb8+ 37. Rb7 Re8 38. a5 Ne5 39. a6 Rd8 40.
a7 Nd7+ 41. Kc7 Nc5 42. Bxc5 Re8 43. Rb8 Rxb8 44. axb8=Q+ Kh7 45. Qf8 f6 46. Qf7 f5 47.
Bf8 h5 48. Qxg7# 1-0

[Event "*** Titled Tuesday Blitz"]
[Site "Chess.com"]
[Date "2021.02.16"]
[Round "10"]
[White "MaevskiyNikolay"]
[Black "ybruned"]
[Result "1-0"]
[WhiteElo "2530"]
[BlackElo "2335"]
[TimeControl "180+1"]
[EndTime "11:59:45 PST"]
[Termination "MaevskiyNikolay won by resignation"]

1. c4 b6 2. e4 Bb7 3. Nc3 e6 4. Nge2 c5 5. d4 d6 6. d5 e5 7. g3 g6 8. Bg2 Bg7 9. O-O Ne7 10. f4 O-O 11. f5 f6 12. g4 g5 13. Be3 Kf7 14. a3 Rh8 15. Ng3 Ba6 16. Qe2 Nd7 17. Rfc1 Qc7 18. Nh5 h6 19. Bf1 Rab8 20. Qd2 Rbc8 21.
Kg2 Qb8 22. Be2 Bf8 23. Rab1 Rc7 24. Kf2 Bg7 25. h3 Bf8 26. Rh1 Bg7 27. b3 Qg8 28.
Bd3 Qc8 29. Qe2 Qd8 30. Rh2 Qb8 31. Qd2 Rcc8 32. h4 Rcg8 33. b4 Qc8 34. b5 Bb7 35. a4 a5 36. bxa6 Bxa6 37. Ng3 Qc7 38. Rbh1 Qc8 39.
Kf3 Qa8 40. Nh5 Qc8 41. Qb2 Qd8 42.
Rb1 Qc7 43. Ng3 Ra8 44. Rbh1 Rag8 45. Qd2 Ra8 46. Rh3 Rag8 47. R1h2 Qc8 48. Qc1 Qd8 49.
Nh5 Qc8 50. Kf2 Qd8 51. Kg1 Nf8 52. Qb1 Nd7 53. Rb2 Qc7 54. Rbh2 Qd8 55. Be2 Qc7 56.
Qc1 Qd8 57. Qd2 Qc8 58. Bd3 Qd8 59. hxg5 hxg5 60. Nxg7 Rxh3 61. Ne6 Rgh8 62. Nxd8+ 1-0

[Event "*** Titled Tuesday Blitz"]
[Site "Chess.com"]
[Date "2021.02.16"]
[Round "10"]
[White "NovikovaGalina"]
[Black "IsaacWiebe"]
[Result "0-1"]
[WhiteElo "2387"]
[BlackElo "2236"]
[TimeControl "180+1"]
[EndTime "11:59:45 PST"]
[Termination "IsaacWiebe won on time"]

1. e4 e6 2. Nf3 d5 3. e5 c5 4. b4 c4 5. c3 a5 6. b5 Nd7 7. a4 f6 8. d4 cxd3 9. exf6 Ngxf6 10.
Bxd3 e5 11. Ng5 e4 12. Ne6 Qb6 13. Nxf8 Rxf8 14. Be2 Ne5 15. Be3 Qd6 16. h3 Be6 17. c4 Nxc4 18. Bxc4 Qb4+ 19. Nd2 dxc4 20. O-O Rd8 21.
Rb1 Qd6 22. Qc1 Qd3 23. Rd1 c3 24. Nf1 Qxd1 25. Qxd1 Rxd1 26. Rxd1 c2 27. Rc1 Bb3 28. Nd2 Bxa4 29. Nc4 Nd5 30. Bd4 Nf4 31. Re1 c1=Q 32. Rxc1 Ne2+ 33. Kh2 Nxc1 34. Nd6+ Kd7 35. Nxe4 Rf4 36.
f3 Bxb5 37. Bxg7 a4 38. Nc5+ Kc6 39. Ne6 Rc4 40. Bf8 Nd3 41. g4 Nc5 42. Nd8+ Kd7 43. Nf7 Ke8 44. Bd6 Kxf7 0-1

[Event "*** Titled Tuesday Blitz"]
[Site "Chess.com"]
[Date "2021.02.16"]
[Round "10"]
[White "Kostukov_Alex"]
[Black "Euge_chess"]
[Result "1-0"]
[WhiteElo "2316"]
[BlackElo "2104"]
[TimeControl "180+1"]
[EndTime "11:59:47 PST"]
[Termination "Kostukov_Alex won on time"]

1. g3 d5 2. Bg2 c6 3. d3 e5 4. e4 Nf6 5. Qe2 dxe4 6. dxe4 Bg4 7. Nf3 Bb4+ 8. c3 Bc5 9. O-O O-O 10. h3 Bxf3 11. Bxf3 Nbd7 12. a4 Re8 13. b4 Bb6 14. a5 Bc7 15. Nd2 b6 16. Nc4 b5 17. Nd2 a6 18. Nb3 Qe7 19. Be3 Qe6 20. Nc5 Nxc5 21. Bxc5 Bd6 22. Bxd6 Qxd6 23. Rfd1 Qe6 24. Kg2 Rad8 25.
Qe3 Qc4 26. Qb6 Rb8 27. Qxa6 Nxe4 28. Qa7 Nf6 29. Qc5 Qxc5 30. bxc5 e4 31. Be2 Re5 32. c4 Rxc5 33. cxb5 cxb5 34. a6 Ra8 35. Ra5 g6 36.
Rxb5 Rc6 37. Rb7 Rc2 38. Kf1 e3 39. fxe3 Ne4 40. Bd3 Nxg3+ 41. Ke1 Re8 42. Bxc2 Rxe3+ 43. Kf2 Ra3 44. a7 Kg7 45. Rd8 Nh5 46. a8=Q 1-0

[Event "*** Titled Tuesday Blitz"]
[Site "Chess.com"]
[Date "2021.02.16"]
[Round "10"]
[White "NemtsevIgor"]
[Black "IngOscarArdila"]
[Result "1-0"]
[WhiteElo "2375"]
[BlackElo "2178"]
[TimeControl "180+1"]
[EndTime "11:59:48 PST"]
[Termination "NemtsevIgor won on time"]

1. d4 Nf6 2. Bf4 g6 3. e3 Bg7 4.
Nf3 O-O 5. Be2 d6 6. O-O Nh5 7. Bg5 h6 8. Bh4 Nd7 9. c4 b6 10. Nc3 Bb7 11. b4 a5 12. a3 Ndf6 13. Nd2 Qd7 14. Rc1 axb4 15. axb4 Ra3 16. Nb5 Ra2 17. d5 Rfa8 18. Nb3 Rb2 19. Rb1 Rxb1 20. Qxb1 g5 21. Bg3 Nxg3 22. hxg3 Ra4 23. N3d4 c6 24. dxc6 Bxc6 25.
Nxc6 Qxc6 26. Nd4 Qa8 27. Bf3 Qa6 28. Nf5 Bf8 29. b5 Qa5 30. Be2 Qc3 31. Nd4 Bg7 32. Rc1 Qa5 33. Nc6 Qa8 34. Nxe7+ Kf8 35. Nf5 Ne4 36. Nxg7 Kxg7 37. Bf3 f5 38. g4 Qe8 39.
gxf5 Nc5 40. f6+ Kxf6 41. Rd1 Qe5 42. Qh7 Ra1 43. Qh8+ Kg6 44. Qg8+ Kf6 45. Qf8+ Kg6 46. Rxa1 1-0

[Event "*** Titled Tuesday Blitz"]
[Site "Chess.com"]
[Date "2021.02.16"]
[Round "10"]
[White "Grineva_Marianna"]
[Black "LileKoridze"]
[Result "0-1"]
[WhiteElo "2231"]
[BlackElo "2369"]
[TimeControl "180+1"]
[EndTime "11:59:48 PST"]
[Termination "LileKoridze won on time"]

1. e4 c5 2. Nf3 d6 3. d4 cxd4 4.
Nxd4 Nf6 5. Nc3 Nc6 6. f3 e5 7.
Nb3 Be7 8. Be3 O-O 9. Be2 Be6 10.
Nd5 a5 11. Bb5 Na7 12. a4 Nxd5 13. exd5 Nxb5 14. dxe6 Nc7 15. exf7+ Rxf7 16. O-O d5 17. Bb6 d4 18. Nxa5 Qd7 19. Nc4 Qc6 20. b3 Nd5 21.
a5 Bf6 22. Re1 Nf4 23. Nxe5 Bxe5 24. Rxe5 d3 25. cxd3 h6 26. Re4 Qd5 27. Rc1 Nxd3 28. Rc5 Qd7 29. Rcc4 Ne5 30. Qxd7 Nxd7 31. Rc7 Nxb6 32.
axb6 Ra1+ 33. Kf2 Ra2+ 34. Kg3 Rf5 35. Rxb7 Rg5+ 36. Rg4 Rxg4+ 37. fxg4 Rb2 38. Rb8+ Kh7 39. b7 Rxb3+ 40. Kf4 Kg6 41. h4 Rb4+ 42. Kg3 Rb3+ 43. Kh2 Rb4 44. Kh3 Rb3+ 45. g3 Rb2 46. h5+ Kf7 0-1

[Event "*** Titled Tuesday Blitz"]
[Site "Chess.com"]
[Date "2021.02.16"]
[Round "10"]
[White "figo13"]
[Black "mr65"]
[Result "1/2-1/2"]
[WhiteElo "2294"]
[BlackElo "2141"]
[TimeControl "180+1"]
[EndTime "11:59:49 PST"]
[Termination "Game drawn by agreement"]

1. e4 e5 2. Nf3 Nc6 3. Bb5 a6 4.
Ba4 Nf6 5. O-O Be7 6. Re1 b5 7. Bb3 O-O 8. c3 d5 9. exd5 Nxd5 10. d3 Bg4 11. h3 Bh5 12. a4 b4 13. a5 bxc3 14.
bxc3 Bc5 15. g4 Bg6 16. Nxe5 Nxe5 17. Rxe5 c6 18. Bxd5 cxd5 19. Ba3 Qd6 20. Re3 Bxa3 21. Nxa3 d4 22. cxd4 Qxd4 23. Nc4 Rad8 24. Ne5 h5 25. Ra4 Qd5 26. Nxg6 fxg6 27. d4 Rf4 28. Qb3 Qxb3 29.
Rxb3 hxg4 30. hxg4 Rxg4+ 31. Kf1 Rgxd4 32. Rxd4 Rxd4 33.
Rb6 Kh7 34. Rxa6 g5 35. Ra8 Ra4 36. a6 g4 37. Kg2 Kg6 38. Kg3 Kg5 39. a7 Ra3+ 40.
Kg2 g6 41. Kf1 Ra2 42. Ke1 g3 43. fxg3 Kg4 44. Kf1 g5 45. Ke1 Kxg3 46. Rg8 Rxa7 47. Rxg5+ Kf4 48. Rg8 Ke3 49. Rg3+ 1/2-1/2

[Event "*** Titled Tuesday Blitz"]
[Site "Chess.com"]
[Date "2021.02.16"]
[Round "10"]
[White "XDPS"]
[Black "Titus369"]
[Result "1-0"]
[WhiteElo "2730"]
[BlackElo "2562"]
[TimeControl "180+1"]
[EndTime "11:59:50 PST"]
[Termination "XDPS won on time"]

1. e4 c5 2. Nf3 d6 3. d4 cxd4 4.
Nxd4 Nf6 5. Nc3 a6 6. Bg5 e6 7. f4 Be7 8. Qf3 Qc7 9. O-O-O Nbd7 10. g4 h6 11. Bxf6 Bxf6 12. h4 Qb6 13. Nde2 Nc5 14. g5 Be7 15. Kb1 Bd7 16. Bh3 O-O-O 17. Qg3 hxg5 18.
hxg5 Kb8 19. f5 Bc6 20. Nd4 Nxe4 21. Nxe4 Bxe4 22. Rhe1 Bc6 23. fxe6 fxe6 24. Bxe6 Ka8 25. Nf5 Bf8 26. g6 Qc5 27. Qg5 Qb6 28. Bd5 Rc8 29.
Bxc6 Qxc6 30. Nd4 Qc4 31. Qf5 Rh2 32. Qd3 Qxd3 33. Rxd3 d5 34. c3 Bc5 35. Ne6 Re8 36. Nc7+ Ka7 37. Nxe8 Rg2 38. Nxg7 Rxg6 39. Nf5 Rg5 40.
Rxd5 Bb6 41. Red1 Rg2 42. a4 Bc7 43. Rd7 Kb8 44. Re7 Rf2 45. Rf7 Rg2 46. Rdd7 Be5 47. Rxb7+ Kc8 48. a5 Rg1+ 49. Ka2 Rg5 50. Ra7 1-0

[Event "*** Titled Tuesday Blitz"]
[Site "Chess.com"]
[Date "2021.02.16"]
[Round "10"]
[White "elextranjero00"]
[Black "Happy1712Drummer"]
[Result "1-0"]
[WhiteElo "2634"]
[BlackElo "2460"]
[TimeControl "180+1"]
[EndTime "11:59:51 PST"]
[Termination "elextranjero00 won on time"]

1. e4 c6 2. Nf3 d5 3. d3 Bg4 4. Nbd2 e6 5. h3 Bxf3 6. Qxf3 g6 7. g3 Bg7 8. Bg2 Ne7 9. O-O O-O 10. Qe2 a5 11. Rb1 a4 12. a3 c5 13. Nf3 Nbc6 14. c3 Qb6 15. e5 Qa6 16. h4 Rae8 17.
Bf4 b5 18. Bh3 b4 19. c4 Nd4 20. Nxd4 cxd4 21. h5 bxa3 22. bxa3 Rb8 23. Bg5 Nc6 24. cxd5 Rxb1 25. Rxb1 Nxe5 26. Be7 Re8 27. d6 Nd7 28.
Bxe6 Ne5 29. Bh3 Qc6 30. Qe4 Qxe4 31. dxe4 f5 32. exf5 Bf8 33. f6 Bxe7 34. fxe7 Kf7 35. d7 Nxd7 36. Bxd7 Rxe7 37. Bxa4 gxh5 38. Rd1 Re4 39.
Bc2 d3 40. Bxd3 Ra4 41. Ra1 Kg7 42. Kg2 Ra5 43. a4 h4 44. Bb5 hxg3 45. fxg3 h5 46. Rc1 Kf6 47. Rc6+ Kg5 48. Ra6 1-0

[Event "*** Titled Tuesday Blitz"]
[Site "Chess.com"]
[Date "2021.02.16"]
[Round "10"]
[White "GLeruste"]
[Black "chescomhuynya"]
[Result "1/2-1/2"]
[WhiteElo "2462"]
[BlackElo "2587"]
[TimeControl "180+1"]
[EndTime "11:59:53 PST"]
[Termination "Game drawn by repetition"]

1. d4 Nf6 2. Nc3 d5 3. Bf4 c5 4. e3 cxd4 5. exd4 a6 6. Nf3 Bg4 7. h3 Bh5 8. g4 Bg6 9. Ne5 Nc6 10. h4 Qb6 11. Nxc6 bxc6 12. Na4 Qa5+ 13. c3 h5 14.
g5 Nd7 15. Bg2 e6 16. O-O Be7 17. b4 Qd8 18. Re1 Bf5 19. Nc5 g6 20. Nb7 Qb6 21. Nd6+ Kf8 22. a4 Bg4 23. Bf3 Bxf3 24. Qxf3 Kg7 25.
Nxf7 Rhf8 26. Ne5 Nxe5 27. Bxe5+ Kh7 28. Qh3 Rf5 29. f4 a5 30. bxa5 Qxa5 31. Reb1 Ra7 32. Qd3 Rf7 33. Rb8 Rf8 34. Rxf8 Bxf8 35. Bf6 Rb7 36. Qe3 c5 37. Qxe6 Qxc3 38. Re1 Qg3+ 39. Kf1 Qf3+ 40. Kg1 Qg3+ 41. Kh1 Qxh4+ 42. Kg1 Qg3+ 43.
Kf1 Qf3+ 44. Kg1 cxd4 45. Qe8 d3 46. Qxf8 Qg3+ 47. Kf1 Qxf4+ 48. Kg1 Qg4+ 49. Kf1 Qf4+ 50. Kg1 Qg4+ 51. Kf1 Qh3+ 52. Kg1 Qg3+ 53. Kf1 Qf3+ 54. Kg1 Qg4+ 1/2-1/2

[Event "*** Titled Tuesday Blitz"]
[Site "Chess.com"]
[Date "2021.02.16"]
[Round "10"]
[White "mikolka1985"]
[Black "Grieve72"]
[Result "0-1"]
[WhiteElo "2605"]
[BlackElo "2485"]
[TimeControl "180+1"]
[EndTime "11:59:54 PST"]
[Termination "Grieve72 won on time"]

1. d4 d5 2. c4 e6 3. Nc3 c6 4. Nf3 dxc4 5. e3 b5 6. a4 Bb4 7. Bd2 a5 8. axb5 Bxc3 9. Bxc3 cxb5 10. b3 Bb7 11. bxc4 b4 12. Bb2 Nf6 13. Bd3 O-O 14. O-O Nbd7 15. Nd2 Qc7 16. h3 a4 17. Rb1 e5 18. Ba1 b3 19. Qc1 Rfd8 20. Qa3 h6 21.
Rfd1 Qc6 22. Bf1 exd4 23. exd4 Nh5 24. d5 Qg6 25. Bd4 Nf4 26. Kh2 Nf6 27. Be3 N6xd5 28. cxd5 Nxd5 29. Nc4 Rdb8 30. Bd4 Qg5 31. Ne3 Nf4 32.
g3 Ne6 33. Rb2 Bf3 34. Rdd2 Rd8 35. Bc3 Rdc8 36. Bb4 Qe5 37. Rb1 Nd4 38. Bd6 Qe4 39. Qb2 a3 40. Qxd4 Qxd4 41. Rxd4 a2 42. Ra1 b2 43. Nc2 b1=Q 44. Bd3 Qb2 45. Be5 Qb6 46. Kg1 Qa5 47. Rd6 Qxe5 48. Re1 Qxd6 0-1

[Event "*** Titled Tuesday Blitz"]
[Site "Chess.com"]
[Date "2021.02.16"]
[Round "10"]
[White "lamomiablanca"]
[Black "Srisshhhtea"]
[Result "0-1"]
[WhiteElo "2303"]
[BlackElo "2433"]
[TimeControl "180+1"]
[EndTime "11:59:55 PST"]
[Termination "Srisshhhtea won on time"]

1. e4 c5 2. d3 Nc6 3. g3 d6 4.
Bg2 e5 5. Nc3 Nge7 6. Nge2 g6 7.
f4 Bg7 8. O-O Nd4 9. Be3 O-O 10.
Qd2 exf4 11. Nxf4 Bg4 12. h3 Bd7 13. Rf2 Bc6 14. Raf1 Qd7 15. Kh2 f5 16. Ncd5 fxe4 17. dxe4 Bxd5 18. exd5 Nef5 19. Ne6 Rfe8 20. c3 Nxe3 21.
Qxe3 Nf5 22. Rxf5 gxf5 23. Rxf5 Kh8 24. Qf3 Rxe6 25. dxe6 Qxe6 26. Rf7 Rg8 27. Qh5 Re8 28. Rxb7 Qe2 29. Qxe2 Rxe2 30. Rb8+ Bf8 31. Rxf8+ Kg7 32. Rb8 Rd2 33. Rb7+ Kf6 34. Rxa7 Rxb2 35. Kg1 Rc2 36. Rxh7 Rxc3 37. h4 Rxg3 38. Kf2 Ra3 39. Rh6+ Kg7 40. Rxd6 Rxa2+ 41. Kg3 Ra3+ 42. Bf3 Rc3 43. Rc6 Rc1 44. Kf4 c4 45. h5 c3 46. h6+ Kh8 47. Be4 Rf1+ 48.
Ke5 Rf8 49. Rxc3 Re8+ 50. Kf6 Rf8+ 0-1

[Event "*** Titled Tuesday Blitz"]
[Site "Chess.com"]
[Date "2021.02.16"]
[Round "10"]
[White "TimKett"]
[Black "Piotrek1979"]
[Result "0-1"]
[WhiteElo "2234"]
[BlackElo "2407"]
[TimeControl "180+1"]
[EndTime "11:59:55 PST"]
[Termination "Piotrek1979 won on time"]

1. e4 c5 2. Nf3 Nc6 3. d4 cxd4 4. Nxd4 g6 5. Nc3 Bg7 6. Be3 Nf6 7. Bc4 Qa5 8. O-O O-O 9. Bb3 d6 10. h3 Bd7 11. f4 Nxd4 12. Bxd4 Bc6 13. Qe2 Qb4 14. Rad1 Nxe4 15. Bxg7 Kxg7 16. Rd3 Nxc3 17. bxc3 Qc5+ 18. Kh1 e6 19. Qd2 Rad8 20. Rd1 d5 21.
c4 d4 22. Rxd4 Rxd4 23. Qxd4+ Qxd4 24. Rxd4 Kf6 25. Kg1 Ke7 26. Kf2 Rd8 27. c3 b6 28.
g4 h6 29. Ke3 g5 30. Rxd8 Kxd8 31. fxg5 hxg5 32. Kd4 Ke7 33. c5 b5 34. c4 b4 35.
Bc2 a5 36. Ke5 f6+ 37. Kd4 a4 38. Ke3 a3 39. Kd4 Bg2 40. c6 Kd6 41. c7 e5+ 42.
Ke3 Kxc7 43. Bd1 Kb6 44. Kf2 Be4 45. Ke3 Bb1 46. Bb3 Kc5 47. Kd2 Be4 48. Ke3 Bg2 49.
Kf2 Bxh3 50. Bd1 Kxc4 51. Kg1 Kc3 52. Kh2 Bxg4 53. Bxg4 b3 0-1

[Event "*** Titled Tuesday Blitz"]
[Site "Chess.com"]
[Date "2021.02.16"]
[Round "10"]
[White "chesslh19"]
[Black "EnergeticHay"]
[Result "1-0"]
[WhiteElo "2233"]
[BlackElo "2325"]
[TimeControl "180+1"]
[EndTime "11:59:56 PST"]
[Termination "chesslh19 won by checkmate"]

1. e4 c5 2. Nf3 d6 3. d4 cxd4 4. Nxd4 Nf6 5. Nc3 a6 6. Be2 e6 7. O-O Be7 8. a4 O-O 9. f4 Qc7 10. Be3 b6 11. Bf3 Bb7 12. f5 e5 13. Nb3 Nbd7 14.
g4 Nc5 15. Nxc5 bxc5 16. g5 Nd7 17. Nd5 Bxd5 18. Qxd5 Nb6 19. Qd3 Rab8 20. Qxa6 Ra8 21. Qe2 Rxa4 22. b3 Rxa1 23. Rxa1 Ra8 24. Rxa8+ Nxa8 25.
Qa6 Nb6 26. h4 f6 27. Be2 Kf8 28. Bc4 Nxc4 29. Qxc4 Qc6 30. g6 hxg6 31. fxg6 Qe8 32. h5 f5 33. exf5 Bf6 34. h6 gxh6 35. Bxh6+ Bg7 36.
Bxg7+ Kxg7 37. Qd5 Qd7 38. Qe4 Qe7 39. Qg4 Qf6 40. Qh5 Kf8 41. Kg2 Qg7 42. Kf3 d5 43.
Qg5 e4+ 44. Kg4 Qc3 45. Qd8+ Kg7 46. Qe7+ Kg8 47. Qf7+ Kh8 48. Qh7# 1-0

[Event "*** Titled Tuesday Blitz"]
[Site "Chess.com"]
[Date "2021.02.16"]
[Round "10"]
[White "bait_or_mate"]
[Black "IceBelka"]
[Result "1-0"]
[WhiteElo "2546"]
[BlackElo "2396"]
[TimeControl "180+1"]
[EndTime "11:59:57 PST"]
[Termination "bait_or_mate won on time"]

1. d4 d5 2. c4 e6 3. Nf3 Nf6 4. g3 c6 5. Bg2 Be7 6. Qc2 O-O 7. O-O b6 8. Bf4 Bb7 9. Nbd2 Na6 10. Rac1 Rc8 11.
Rfd1 h6 12. e4 c5 13. dxc5 Nxc5 14. exd5 exd5 15. Nd4 Bd6 16. Bxd6 Qxd6 17. Nf5 Qc7 18. cxd5 Bxd5 19. Bxd5 Nxd5 20. Nc4 Nf6 21. Ncd6 a5 22. Nxc8 Rxc8 23. b3 Rd8 24. Rxd8+ Qxd8 25. Rd1 Qc7 26.
Qd2 g6 27. Qd8+ Qxd8 28. Rxd8+ Kh7 29. Nd6 Kg7 30. Rb8 Nfd7 31. Rc8 Kf6 32. Nc4 Ke7 33. Rc6 b5 34. Nxa5 b4 35. Nc4 Nd3 36. Rc7 Kd8 37. Rb7 Kc8 38. Nd6+ Kd8 39. Nxf7+ Kc8 40. Nd6+ Kd8 41.
f4 N7c5 42. Rb5 Kc7 43. Nc4 Kc6 44. Rb6+ Kd5 45. Rxg6 Nc1 46. Rxh6 Nxa2 47. Rb6 Nxb3 48. Nb2 Nd4 49. h4 Kc5 50. Rb8 Ne2+ 51. Kf2 Nac3 52. h5 Nd4 53. Nd3+ Kc4 54. Nxb4 Ne4+ 55. Kg2 1-0

[Event "*** Titled Tuesday Blitz"]
[Site "Chess.com"]
[Date "2021.02.16"]
[Round "10"]
[White "hansen"]
[Black "Firouzja2003"]
[Result "1-0"]
[WhiteElo "2948"]
[BlackElo "3074"]
[TimeControl "180+1"]
[EndTime "12:00:02 PST"]
[Termination "hansen won on time"]

1. e4 c5 2. Nf3 d6 3. Bb5+ Nd7 4. c3 a6 5. Ba4 b5 6. Bc2 Bb7 7. O-O Ngf6 8. Re1 e6 9. d4 Be7 10. Nbd2 O-O 11. Nf1 Rc8 12. Ng3 Qc7 13. Bd3 Rfe8 14. h3 Nb6 15. Qe2 Nfd7 16. Ng5 h6 17. Nf3 Nf8 18. Nh5 Ng6 19. Nh2 Bf8 20. Ng4 Nd7 21. Be3 cxd4 22. cxd4 Qd8 23. a4 Qh4 24. axb5 axb5 25.
Bxb5 Red8 26. Ra7 Rb8 27. Bd3 Qxh5 28. Nxh6+ Qxh6 29. Bxh6 gxh6 30. Rc1 Nf6 31. Rc7 Rd7 32. Qc2 Bc8 33. e5 Nxe5 34. dxe5 dxe5 35. Rxd7 Bxd7 36. Qc3 Bd6 37. Ra6 Nd5 38. Qd2 Bf8 39. Be4 Bb5 40. Ra7 Nf6 41. Bf3 Be8 42. Ra8 Rb4 43.
Bc6 Rd4 44. Qc2 Bxc6 45. Qxc6 Kg7 46. Qc8 Bd6 47. g3 e4 48. Qh8+ Kg6 49. Rg8+ Kf5 50. Rg7 e3 51. fxe3 Rd1+ 52. Kg2 Rd2+ 53. Kf3 e5 54.
e4+ Ke6 55. Qa8 Rd3+ 56. Ke2 Rd4 57. Qa2+ 1-0

[Event "*** Titled Tuesday Blitz"]
[Site "Chess.com"]
[Date "2021.02.16"]
[Round "10"]
[White "NTBT_DHS"]
[Black "Nozdrachev_Leonid"]
[Result "1-0"]
[WhiteElo "2780"]
[BlackElo "2541"]
[TimeControl "180+1"]
[EndTime "12:00:02 PST"]
[Termination "NTBT_DHS won on time"]

1. d4 d6 2. c4 e5 3. Nc3 Nf6 4.
g3 g6 5. Bg2 Bg7 6. dxe5 dxe5 7.
Qxd8+ Kxd8 8. Bg5 c6 9. O-O-O+ Kc7 10. Nf3 Ng4 11. Rhf1 f6 12. Bd2 Be6 13. h3 Nh6 14. b3 Nd7 15. Ne4 Nf7 16. Bc3 h6 17. Nh4 f5 18.
Nxg6 fxe4 19. Nxh8 Rxh8 20. Bxe4 Bxh3 21. Rh1 Bg4 22. f3 Be6 23. Bg6 Nd6 24. e4 b5 25.
Ba5+ Nb6 26. c5 Nb7 27. cxb6+ axb6 28. Bc3 Nc5 29. f4 Bg4 30. Rd2 Bf3 31. Re1 h5 32. Kc2 h4 33. gxh4 Rxh4 34. fxe5 Bxe4+ 35. Bxe4 Nxe4 36.
Rg2 Bf8 37. Bb2 Kd7 38. Ree2 Be7 39. Rg6 Nc5 40. e6+ Kd6 41. Rd2+ Kc7 42. Be5+ Kb7 43. Rg7 Ka6 44. Rxe7 b4 45. Re8 Kb5 46. e7 Re4 47. Red8 Rxe5 48. e8=Q Rxe8 49. Rxe8 Na6 50. Re5+ Nc5 51.
Rd6 Ka5 52. Rxc6 Kb5 53. Rd6 Ka5 54. Kd2 b5 55. Rdd5 1-0

[Event "*** Titled Tuesday Blitz"]
[Site "Chess.com"]
[Date "2021.02.16"]
[Round "10"]
[White "monalize"]
[Black "remi04"]
[Result "1-0"]
[WhiteElo "2414"]
[BlackElo "2595"]
[TimeControl "180+1"]
[EndTime "12:00:03 PST"]
[Termination "monalize won by resignation"]

1. e4 c5 2. Nf3 d6 3. d4 cxd4 4. Qxd4 Nf6 5. h3 Nc6 6. Qe3 g6 7. Be2 Bg7 8. O-O O-O 9. Rd1 Qb6 10.
Qxb6 axb6 11. Nc3 Nb4 12. a3 Nxc2 13. Rb1 d5 14. exd5 Bf5 15. Bd3 Rfc8 16. Bxf5 gxf5 17. Bd2 Ne4 18. Nxe4 fxe4 19. Ng5 e3 20. fxe3 Bh6 21. e4 Rc4 22. Nf3 Bxd2 23. Rxd2 Ne3 24. Re2 Nc2 25. Ne5 Rc5 26. Nd3 Rc7 27. Rd1 Nd4 28.
Rf2 Nb3 29. Ne5 f6 30. Nf3 Ra4 31. Re1 Nc5 32. e5 Nd3 33. d6 exd6 34. exd6 Rd7 35. Re7 Rxd6 36. Rd2 Ra5 37. Rxb7 Rad5 38. Kh2 Nf4 39. Rc2 Ng6 40. Rc8+ Rd8 41. Rxd8+ Rxd8 42. Rxb6 Kg7 43. a4 Nf4 44. Kg3 Ne2+ 45. Kf2 Nc1 46.
a5 Ra8 47. b4 Rc8 48. a6 Nd3+ 49. Ke3 Nb2 50. Rb7+ Kg6 51. b5 Nc4+ 52. Kf4 Nd6 53. Rb6 Rc4+ 54. Ke3 Nf5+ 55. Kd3 Ra4 56. Rb7 Nd6 57. Rb8 Ra5 58. Nd4 Ra3+ 59. Kc2 Kg5 60. Rb6 Nc4 61. Rb8 Kf4 62. Nc6 Ke3 63. Re8+ Kf2 64.
a7 Nb6 65. Rb8 Nd7 66. a8=Q 1-0

[Event "*** Titled Tuesday Blitz"]
[Site "Chess.com"]
[Date "2021.02.16"]
[Round "10"]
[White "mbojan"]
[Black "SergeyShtyka"]
[Result "1-0"]
[WhiteElo "2618"]
[BlackElo "2465"]
[TimeControl "180+1"]
[EndTime "12:00:03 PST"]
[Termination "mbojan won by resignation"]

1. c4 c5 2. Nc3 Nc6 3. g3 g6 4.
Bg2 Bg7 5. e3 e5 6. Nge2 Nge7 7.
a3 O-O 8. Rb1 a5 9. Nd5 d6 10. d3 Nxd5 11. cxd5 Ne7 12. b4 axb4 13. axb4 cxb4 14. Rxb4 Qa5 15. Bd2 Qa1 16. O-O Qxd1 17. Rxd1 Ra3 18. Nc3 f5 19. Nb5 Rxd3 20. Bf1 Rxd5 21.
Bc4 Be6 22. Nc7 Kf7 23. Nxe6 Kxe6 24. Rxb7 Bf6 25. Rxe7+ Kxe7 26. Bxd5 e4 27. Rc1 Rd8 28. Rc7+ Rd7 29. Rxd7+ Kxd7 30. Bg8 Ke7 31. Bd5 Be5 32. Kf1 g5 33. Ke2 Kf6 34. h3 h5 35. g4 hxg4 36.
hxg4 Bb2 37. gxf5 Kxf5 38. Kd1 Be5 39. Be1 Bh2 40. Kc2 Ke5 41. Bc6 d5 42. Bd7 Bg1 43. Kc3 Kd6 44. Bg4 Ke5 45. Bh3 Bh2 46. Bg4 Bg1 47. Kd2 Bh2 48. Ke2 d4 49. exd4+ Kxd4 50. Bd2 Bf4 51. Be3+ Ke5 52. Kd2 Kd5 53. Kc2 Ke5 54.
Kc3 Kd5 55. Kb3 Be5 56. Bxg5 Bd4 57. Be3 Bf6 58. Be2 Bh4 59. Ba6 Bf6 60. Bb7+ Ke5 61. Kc4 Bh4 62. Kc3 Be7 63. Kd2 Bh4 64. Ke2 Be7 65. Ba7 Bh4 66. Bb8+ Kd4 67. Bf4 Bf6 68. Bc1 Be7 69. Bb2+ Kc5 70. Bxe4 Kd6 71. f4 Ke6 72. f5+ Kf7 73. Bd5+ Kf8 74. Kf3 Bd6 75. f6 Bc5 76.
Ke4 Ke8 77. Kf5 Kf8 78. Ke6 Ke8 79. f7+ Kf8 80. Bc1 Bd4 81. Bh6+ Bg7 82. Bxg7+ Kxg7 83. Ke7 Kh7 84. f8=Q 1-0

[Event "*** Titled Tuesday Blitz"]
[Site "Chess.com"]
[Date "2021.02.16"]
[Round "10"]
[White "Sibelephant"]
[Black "kuban1991"]
[Result "1-0"]
[WhiteElo "3039"]
[BlackElo "2918"]
[TimeControl "180+1"]
[EndTime "12:00:07 PST"]
[Termination "Sibelephant won by resignation"]

1. Nf3 g6 2. e4 Bg7 3. d4 c6 4. Nc3 d5 5. h3 Nf6 6. e5 Ne4 7. Bd3 Nxc3 8. bxc3 c5 9. O-O Nc6 10. Re1 O-O 11. Bg5 Qa5 12. Bd2 c4 13. Bf1 f6 14.
exf6 exf6 15. Nh2 Bd7 16. Ng4 Rfe8 17. Qf3 f5 18. Nh6+ Kh8 19. Nf7+ Kg8 20. Nd6 Rxe1 21. Rxe1 Rb8 22. Rb1 Nd8 23. Bf4 Ne6 24. Nxb7 Qxa2 25.
Bxb8 Qxb1 26. Qxd5 Bc8 27. Nc5 Qxb8 28. Nxe6 Bxe6 29.
Qxe6+ Kh8 30. Bxc4 a5 31. Bb3 Qd8 32. Kf1 Bf6 33. Qd5 Qxd5 34. Bxd5 Kg7 35. Ke2 a4 36.
Kd3 a3 37. Bb3 Kf8 38. c4 Ke7 39. c5 Kd7 40. Kc4 Kc7 41. c3 g5 42. Kb4 g4 43. Kxa3 Bh4 44. hxg4 fxg4 45. g3 Bg5 46. Be6 Bd2 47. Kb3 Be1 48. Bxg4 Bxf2 49. Bf5 h5 50. g4 h4 51. g5 Be3 52. g6 Bh6 53.
Kc4 Bg7 54. d5 Kd8 55. d6 1-0